 Dungeon Crawl Stone Soup version 0.26.1-11-gd32895ea62 (webtiles) character file.

Game seed: 207976348490224746

2033 Kukuleta the Ruffian (level 9, -6/72 HPs)
             Began as a White Draconian Transmuter on June 30, 2021.
             Was a Believer of Okawaru.
             Mangled by an orc warrior
             ... wielding a +0 short sword
              (14 damage)
             ... on level 6 of the Dungeon.
             The game lasted 00:26:36 (9273 turns).

Kukuleta the Ruffian (White Draconian Transmuter)   Turns: 9273, Time: 00:26:36

Health: -6/72      AC:  7    Str: 16    XL:     9   Next: 3%
Magic:  16/16      EV: 13    Int: 14    God:    Okawaru [**....]
Gold:   300        SH:  0    Dex: 11    Spells: 10/17 levels left

rFire    + . .     SeeInvis .     - Unarmed
rCold    + . .     Faith    .   (no shield)
rNeg     . . .     Spirit   .   (armour unavailable)
rPois    .         Reflect  .   (helmet currently unavailable)
rElec    .         Harm     .   (no cloak)
rCorr    .         Rampage  .   (no gloves)
Will     .....                  (boots currently unavailable)
Stlth    +.........             (no amulet)
HPRegen  0.22/turn              j - ring of flight
MPRegen  0.15/turn              v - ring of protection from fire

@: appendages, wereblooded
A: breathe frost, unfitting armour, horns 2, talons 2, cold resistance 1,
cold-blooded, AC +7
a: Breathe Frost, End Transformation, Renounce Religion, Evoke Flight, Heroism


You were on level 6 of the Dungeon.
You worshipped Okawaru.
Okawaru was pleased with you.
You had grown temporary horns.
You had grown temporary talons.
You visited 1 branch of the dungeon, and saw 6 of its levels.

You collected 300 gold pieces.

Inventory:

Armour
 k - a +0 pair of boots (melded)
Jewellery
 j - a ring of flight (left hand)
 v - a ring of protection from fire (right hand)
Wands
 h - a wand of acid (6)
Scrolls
 b - 6 scrolls of identify
 c - 3 scrolls of fear
 i - a scroll of fog
 m - 5 scrolls of remove curse {unknown}
 n - a scroll of enchant weapon
 o - a scroll of blinking {unknown}
 q - 2 scrolls of teleportation {unknown}
 r - a scroll of amnesia {unknown}
 t - a scroll of immolation {unknown}
Potions
 a - a potion of curing
 d - 2 potions of lignification {unknown}
 e - a potion of haste
 f - 2 potions of berserk rage
 g - a potion of degeneration {unknown}
 l - a potion of invisibility
 p - a potion of mutation {unknown}
 s - a potion of flight {unknown}
 u - a potion of heal wounds {unknown}


   Skills:
 + Level 4.4 Fighting
 + Level 4.3 Dodging
 - Level 1.0 Stealth
 + Level 6.3 Unarmed Combat
 - Level 4.8 Spellcasting
 * Level 6.3 Transmutations
 - Level 3.5 Ice Magic


You had 10 spell levels left.
You knew the following spells:

 Your Spells              Type           Power        Failure   Level
a - Beastly Appendage     Tmut           42%          1%          1
b - Wereblood             Tmut           21%          1%          2
c - Ice Form              Ice/Tmut       17%          22%         4

Your spell library contained the following spells:

 Spells                   Type           Power        Failure   Level
 Spider Form              Tmut/Pois      6%           14%         3
 Magic Dart               Conj           12%          19%         1
 Searing Ray              Conj           6%           26%         2
 Blade Hands              Tmut           10%          36%         5
 Dazzling Flash           Conj/Hex       6%           47%         3
 Fulminant Prism          Conj/Hex       1%           87%         4
 Iskenderun's Mystic Bla  Conj/Tloc      3%           87%         4


Dungeon Overview and Level Annotations

Branches:
Dungeon (6/15)
 Temple: D:4-7

Altars:
Dithmenos
Fedhas
Gozag
Hepliaklqana
Okawaru
Wu Jian

Annotations:
D:3 2 transporters


Innate Abilities, Weirdness & Mutations

You can breathe waves of freezing cold.
You can buffet flying creatures when you breathe cold.
Your icy white scales are hard. (AC +7)
You cannot fit into any form of body armour.
Your flesh is cold resistant. (rC+)
You are cold-blooded and may be slowed by cold attacks.
You have a pair of horns on your head.
You have razor-sharp toenails.


Message History

Your headbutt misses the orc warrior.
The orc warrior is moderately wounded.
The orc warrior hits you with a +0 short sword!
* * * LOW HITPOINT WARNING * * *
You closely miss the orc warrior. Your kick misses the orc warrior.
The orc warrior is moderately wounded.
You howl as the wereblood boils in your veins!
The orc warrior hits you but does no damage.
You punch the orc warrior!
You claw the orc warrior, but do no damage.
The orc warrior is severely wounded.
The orc warrior barely misses you.
You hit the orc warrior.
The orc warrior is severely wounded.
The orc warrior hits you with a +0 short sword.
* * * LOW HITPOINT WARNING * * *
You hit the orc warrior.
The orc warrior is almost dead.
The orc warrior hits you with a +0 short sword!
You die...

##... #..###
#.... #....
##.... #....
#..### #..).
##..#
#####...#
#...##
........#
#....##
.......)#
##.....
#.@## #####.
##o.########
#.
#.........##
##.
##.######..#
#.. ### ##.#
##.#
#.####.##
###..#..##
#..>...##
####..##


You could see an orc warrior.

Vanquished Creatures
  Sigmund (D:2)
  Menkaure (D:6)
  Edmund (D:5)
  An orc warrior (D:5)
  A phantom (D:4)
  A centaur (D:6)
  2 ogres
  A bullfrog (D:4)
  3 scorpions
  2 centaur zombies (D:5)
  2 jellies
  2 bullfrog zombies (D:5)
  3 hounds
  5 orc wizards
  4 orc priests
  A centaur skeleton (D:4)
  An iguana (D:4)
  Natasha (thrice) (D:2)
  4 worker ants
  3 gnolls (D:4)
  7 adders
  A white imp (D:4)
  An ufetubus (D:5)
  2 oozes
  4 worms
  5 dart slugs
  3 leopard geckos
  30 orcs
  5 bats
  4 giant cockroaches
  2 goblins
  5 hobgoblins
  16 jackals
  3 kobolds
  4 quokkas
  3 frilled lizards
  A quokka skeleton (D:3)
  4 rats
142 creatures vanquished.

Notes
Turn   | Place    | Note
-------+----------+-------------------------------------------
     0 | D:1      | Kukuleta the Draconian Transmuter began the quest for the
                  | Orb.
     0 | D:1      | Reached XP level 1. HP: 16/16 MP: 3/3
   211 | D:1      | Reached XP level 2. HP: 23/23 MP: 3/5
   854 | D:2      | Learned a level 2 spell: Wereblood
   882 | D:2      | Noticed Sigmund
   896 | D:2      | Killed Sigmund
   897 | D:2      | Reached XP level 3. HP: 12/28 MP: 5/7
   897 | D:2      | Reached XP level 4. HP: 16/35 MP: 5/8
   897 | D:2      | Reached XP level 5. HP: 18/40 MP: 5/9
  1171 | D:2      | Found an iron altar of Okawaru.
  1179 | D:2      | Became a worshipper of Warmaster Okawaru
  1197 | D:2      | Noticed Natasha
  1208 | D:2      | Killed Natasha
  1411 | D:2      | Found a hazy altar of Hepliaklqana.
  1622 | D:2      | Noticed Natasha
  1632 | D:2      | Killed Natasha
  1802 | D:2      | Noticed Natasha
  1806 | D:2      | Killed Natasha
  1807 | D:2      | Reached XP level 6. HP: 35/47 MP: 9/11
  2509 | D:3      | Reached skill level 1 in Stealth
  2748 | D:3      | Found a transporter.
  2750 | D:3      | Noticed a sky beast
  2751 | D:3      | Found a transporter.
  2767 | D:3      | Found a blossoming altar of Fedhas.
  2767 | D:3      | Found a shadowy altar of Dithmenos.
  2768 | D:3      | Found an ornate altar of the Wu Jian Council.
  2828 | D:3      | Reached skill level 5 in Unarmed Combat
  3828 | D:4      | Your scales start taking on an icy white colour.
  3828 | D:4      | Reached XP level 7. HP: 55/55 MP: 10/12
  3828 | D:4      | Gained mutation: Your flesh is cold resistant. (rC+) [White
                  | Draconian growth]
  3838 | D:4      | Learned a level 4 spell: Ice Form
  4538 | D:4      | Reached skill level 1 in Ice Magic
  4646 | D:4      | Found an iron altar of Okawaru.
  4659 | D:4      | Reached * piety under Okawaru
  5170 | D:4      | Reached XP level 8. HP: 36/63 MP: 14/14
  5546 | D:4      | Reached skill level 5 in Transmutations
  5790 | D:5      | Entered Level 5 of the Dungeon
  5974 | D:5      | Found an opulent altar of Gozag.
  6776 | D:6      | Noticed Edmund
  6922 | D:5      | Killed Edmund
  8797 | D:6      | Reached ** piety under Okawaru
  8850 | D:6      | Noticed Menkaure
  8856 | D:6      | Killed Menkaure
  9059 | D:6      | Reached XP level 9. HP: 52/72 MP: 16/16
  9273 | D:6      | Mangled by an orc warrior

Illustrated notes

Levels and vault maps discovered:
D:1:      dpeg_arrival_line_fractal, layout_basic
D:2:      layout_basic, marbit_many_paths, okawaru_ov_weapons_minmay,
          uniq_natasha, uniq_sigmund
D:3:      layout_loops_cross, gammafunk_temple_overflow_arena, serial_glass,
          glass_columns_a, glass_columns_b, minmay_close_crescents
D:4:      layout_gridville, kennysheep_mini_moat, hangedman_feature_mirror,
          minmay_mini_jars
D:5:      layout_gridville, nicolae_gozag_cash_rules_everything_around_me
D:6:      layout_layer_cave, minmay_temple_entry_grid, basic_altar, uniq_edmund,
          uniq_menkaure

Skill      XL: |  1  2  3  4  5  6  7  8 |
---------------+-------------------------+-----
Dodging        | 2 3 4 |  4.3
Unarmed Combat | 4 5 6 |  6.3
Spellcasting   | 3 4 |  4.8
Transmutations | 3 4 6 |  6.3
Stealth        | 1 |  1.0
Fighting       | 2 3 4 |  4.4
Ice Magic      | 2 3 |  3.5

Action                   |  1- 3 |  4- 6 |  7- 9 || total
-------------------------+-------+-------+-------++-------
Melee: Unarmed           |    36 |   173 |   304 ||   513
       Kick              |    11 |    28 |    59 ||    98
       Headbutt          |     3 |    23 |    38 ||    64
       Punch             |     1 |     1 |     7 ||     9
       Tailslap          |     5 |    22 |    32 ||    59
 Cast: Beastly Appendage |    11 |    30 |    38 ||    79
       Wereblood         |       |     2 |     1 ||     3
       Ice Form          |       |       |     1 ||     1
 Abil: Breathe Frost     |       |       |     6 ||     6
  Use: Scroll            |       |       |     7 ||     7
       Potion            |       |       |     5 ||     5
 Stab: Sleeping          |       |     2 |     4 ||     6
Armor: Skin              |     8 |    43 |    67 ||   118
Dodge: Dodged            |    19 |    94 |   201 ||   314
